 Dungeon Crawl Stone Soup version 0.30-a0-739-gea05faddec (webtiles) character file.

Game seed: 1835346660400458454

1928 jasper the Chopper (level 8, -4/65 HPs)
             Began as a Demonspawn Cinder Acolyte on Feb 4, 2023.
             Was a High Priest of Ignis.
             Slain by a hornet (12 damage)
             ... on level 7 of the Dungeon.
             The game lasted 00:13:17 (5349 turns).

jasper the Chopper (Demonspawn Cinder Acolyte)      Turns: 5349, Time: 00:13:18

Health: -4/65      AC:  7    Str: 17    XL:     8   Next: 96%
Magic:  9/9        EV: 10    Int: 16    God:    Ignis [*****.]
Gold:   441        SH:  4    Dex:  8    Spells: 4/9 levels left

rFire   + . .      SeeInvis .    E - +0 war axe
rCold   . . .      Faith    .    (no shield)
rNeg    . . .      Spirit   .    c - +0 ring mail
rPois   +          Reflect  .    s - +0 helmet
rElec   .          Harm     .    (no cloak)
rCorr   .          Rampage  .    (no gloves)
Will    +....                    (no boots) Stlth
                                 (no amulet)
HPRegen 0.30/turn                e - ring of willpower
MPRegen 0.11/turn                r - ring of poison resistance

@: mighty, lethally poisoned (-4 -> -5), slowed, very slow
A: spiny 2, condensation shield
a: Renounce Religion, Fiery Armour, Foxfire Swarm, Rising Flame


You were on level 7 of the Dungeon.
You worshipped Ignis.
Ignis was extremely pleased with you.
You visited 1 branch of the dungeon, and saw 7 of its levels.

You collected 441 gold pieces.

Inventory:

Hand Weapons
 a - a +0 hand axe of flaming
 o - the +1 long sword of Cocytus {drain, rElec Str+3 Int-5}
   (You found it on level 2 of the Dungeon)

   Str:       It affects your strength (+3).
   Int:       It affects your intelligence (-5).
   rElec:     It insulates you from electricity.
 z - a +4 short sword
 E - a +0 war axe (weapon)
Missiles
 j - 31 stones (quivered)
 x - 2 throwing nets
 B - 5 datura-tipped darts
 C - 5 poisoned darts
Armour
 b - a +0 robe
 c - a +0 ring mail (worn)
 s - a +0 helmet (worn)
 t - a scarf of harm
Jewellery
 e - a ring of willpower (left hand)
 r - a ring of poison resistance (right hand)
 F - a ring of willpower
Scrolls
 i - 4 scrolls of immolation
 l - 2 scrolls of fog
 u - 2 scrolls of enchant weapon
 y - a scroll of torment
 A - 2 scrolls of fear
Potions
 d - 4 potions of mutation
 f - 5 potions of brilliance
 h - a potion of lignification
 k - 2 potions of curing
 m - 2 potions of heal wounds {unknown}
 n - 3 potions of degeneration {unknown}
 p - a potion of invisibility {unknown}
 q - 2 potions of haste {unknown}
 w - a potion of attraction {unknown}


   Skills:
 + Level 6.8 Fighting
 * Level 7.6 Axes
 + Level 5.4 Armour
 - Level 1.0 Spellcasting
 - Level 2.6 Fire Magic


You had 4 spell levels left.
You knew the following spells:

 Your Spells              Type           Power      Damage    Failure   Level
a - Passwall              Tmut/Erth      0%         N/A       52%         2
b - Mephitic Cloud        Conj/Pois/Air  0%         N/A       75%         3

Your spell library contained the following spells:

 Spells                   Type           Power      Damage    Failure   Level
 Scorch                   Fire           18%        2d5       21%         2
 Magic Dart               Conj           0%         1d3       36%         1
 Sandblast                Erth           0%         2d4       36%         1
 Call Imp                 Summ           0%         N/A       52%         2
 Stone Arrow              Conj/Erth      0%         3d7       75%         3


Dungeon Overview and Level Annotations

Branches:
Dungeon (7/15)             Temple (0/1) D:4

Altars:
Ashenzari
Cheibriados
Vehumet


Innate Abilities, Weirdness & Mutations

You are mostly covered in sharp spines.
A meltable shield of frost defends you. (SH +4)


Message History

The hornet buzzes angrily.
Health restored: 65
There is an open door here.
You feel very mighty all of a sudden. The hornet completely misses you.
The hornet stings you!
You take 12 damage, and have 53/65 hp.
You miss the hornet. The hornet is struck by your spines.
The hornet barely misses you. The hornet stings you.
You take 5 damage, and have 48/65 hp.
You barely miss the hornet.
The hornet is lightly wounded.
The hornet stings you.
You are poisoned.
You take 1 damage, and have 47/65 hp.
You slash the hornet!
The hornet is heavily wounded.
You feel very sick. The hornet stings you!
You suddenly lose the ability to move!
The hornet stings you!
You feel sick.
The hornet stings you but does no damage. x2
You can move again.
You take 23 damage, and have 24/65 hp.
MASSIVE DAMAGE!!
Unknown command.
Unknown command.
Unknown command.
You barely miss the hornet.
The hornet is heavily wounded.
You feel sick. The hornet barely misses you.
You take 1 damage, and have 23/65 hp.
You closely miss the hornet.
The hornet is heavily wounded.
You feel sick. The hornet stings you!
* * * LOW HITPOINT WARNING * * *
You feel yourself slow down. The hornet closely misses you.
You take 13 damage, and have 10/65 hp.
You closely miss the hornet.
The hornet is heavily wounded.
You feel sick. The hornet stings you!
You die...

#.####...... #.#
#.....# ## #.#
#...... #.. #.#
######. .##
####.#########.
#)#
#..............
#[##+##
#......########
#..8###......#
#..y@.#......#
######
#$##'##........#
......
#$#8.###########
.##### .# #..#
#$ ..## # ###


You could see a hornet.

Vanquished Creatures
  A wyvern (D:7)
  A water moccasin (D:5)
  A sky beast (D:7)
  An ogre (D:6)
  2 black bears (D:5)
  2 bullfrogs
  3 scorpions (D:4)
  3 necrophages
  4 howler monkeys
  3 jellies
  7 hounds
  A gnoll bouda (D:4)
  2 iguanas
  An orc wizard (D:6)
  7 gnolls
  6 adders
  A white imp (D:5)
  An ufetubus (D:5)
  3 worms
  2 dart slugs
  10 orcs
  9 endoplasms
  7 giant cockroaches
  5 goblins
  8 hobgoblins
  7 jackals
  10 kobolds
  4 quokkas
  10 ball pythons
  5 bats
  4 frilled lizards
  8 rats
139 creatures vanquished.

Vanquished Creatures (others)
  11 foxfires (D:4)
11 creatures vanquished.

Grand Total: 150 creatures vanquished

Notes
Turn   | Place    | Note
-------+----------+-------------------------------------------
     0 | D:1      | jasper the Demonspawn Cinder Acolyte began the quest for
                  | the Orb.
     0 | D:1      | Reached XP level 1. HP: 18/18 MP: 2/2
    40 | D:1      | Reached skill level 3 in Axes
   142 | D:1      | Gained mutation: You are partially covered in sharp spines.
                  | [demonic ancestry]
   142 | D:1      | Reached XP level 2. HP: 24/24 MP: 3/3
   923 | D:2      | Reached XP level 3. HP: 24/29 MP: 4/4
   998 | D:2      | Reached skill level 4 in Axes
  1195 | D:2      | Identified the +1 long sword of Cocytus {drain, rElec Str+3
                  | Int-5}
  1206 | D:2      | Found a broken altar of Ashenzari.
  1419 | D:3      | Gained mutation: You are mostly covered in sharp spines.
                  | [demonic ancestry]
  1419 | D:3      | Reached XP level 4. HP: 23/35 MP: 5/5
  1606 | D:3      | Noticed a bullfrog
  1615 | D:3      | Killed a bullfrog
  1616 | D:3      | Reached skill level 1 in Armour
  1616 | D:3      | Reached XP level 5. HP: 27/41 MP: 6/6
  2244 | D:4      | HP: 1/42 [iguana (9)]
  2410 | D:4      | Gained mutation: A meltable shield of frost defends you.
                  | (SH +4) [demonic ancestry]
  2410 | D:4      | Reached XP level 6. HP: 29/48 MP: 7/7
  2487 | D:4      | Found a staircase to the Ecumenical Temple.
  2510 | D:4      | Reached skill level 5 in Axes
  2932 | D:4      | Reached XP level 7. HP: 53/55 MP: 8/8
  2935 | D:4      | Learned a level 2 spell: Passwall
  2939 | D:4      | Learned a level 3 spell: Mephitic Cloud
  3074 | D:5      | Entered Level 5 of the Dungeon
  3123 | D:5      | Reached skill level 5 in Fighting
  3644 | D:5      | Reached skill level 6 in Axes
  3644 | D:5      | Reached XP level 8. HP: 61/64 MP: 9/9
  4235 | D:6      | Found a snail-covered altar of Cheibriados.
  4254 | D:6      | Found a radiant altar of Vehumet.
  4369 | D:6      | Reached skill level 5 in Armour
  4595 | D:6      | Reached skill level 7 in Axes
  5322 | D:7      | Noticed a troll
  5323 | D:7      | Noticed a manticore
  5339 | D:7      | Noticed a hornet
  5345 | D:7      | Paralysed by a hornet for 2 turns
  5349 | D:7      | Slain by a hornet

Illustrated notes

Levels and vault maps discovered:
D:1:      dpeg_arrival_radiant, layout_loops_ring,
          chequers_serial_rivers_large_b
D:2:      layout_rooms, basic_altar
D:3:      layout_loops_ring, minmay_pentangle
D:4:      layout_rooms, minmay_temple_entry_water_ring, feat_on_display
D:5:      layout_loops_ring
D:6:      layout_gridville, mainiacjoe_overflow_large_starburst,
          minmay_stone_trees_small, amcnicky_mini_pool_small, chequers_jeans
D:7:      minmay_chambers_of_sixes, layout_basic, grunt_temple_overflow_open,
          mainiacjoe_overflow_brackets

Skill      XL: |  1  2  3  4  5  6  7  8 |
---------------+-------------------------+-----
Axes           | 3 4 5 6 7 |  7.6
Armour         | 1 2 3 4 5 |  5.4
Fighting       | 4 5 6 |  6.8
Spellcasting   | |  1.0
Fire Magic     | |  2.6

Action                     |  1- 3 |  4- 6 |  7- 9 || total
---------------------------+-------+-------+-------++-------
  Melee: Hand axe          |    85 |       |       ||    85
         Punch             |     1 |       |     2 ||     3
         Long sword        |    14 |    76 |    22 ||   112
         War axe           |       |       |    96 ||    96
  Throw: Stone             |    16 |    23 |     6 ||    45
         Dart              |       |       |     2 ||     2
 Invoke: Foxfire Swarm     |       |     1 |       ||     1
    Use: Scroll            |     6 |     4 |     5 ||    15
         Potion            |       |       |     1 ||     1
 Armour: Robe              |     4 |       |       ||     4
         Ring mail         |    16 |    14 |    27 ||    57
  Dodge: Dodged            |    53 |    43 |    51 ||   147
  Block: Other             |       |     7 |    34 ||    41

Table legend: (Time is in decaauts)
 A = Elapsed time spent in this place.
 B = Non-inter-level travel time spent in this place.
 C = Inter-level travel time spent in this place.
 D = Time resting spent in this place.
 E = Time spent auto-exploring this place.
 F = Levels seen in this place.
 G = Mean time per level.
                   A        B        C        D        E       F      G
               +--------+--------+--------+--------+--------+-----+--------+
         Total |   5459 |   5318 |    141 |    390 |   3828 |   7 |  779.9 |
       Dungeon |   5459 |   5318 |    141 |    390 |   3828 |   7 |  779.9 |
               +--------+--------+--------+--------+--------+-----+--------+

Top non-repeatable levels by time:
     D:6: 1259 daAuts
     D:3: 1113 daAuts
     D:1: 944 daAuts
     D:5: 728 daAuts
     D:4: 649 daAuts
     D:2: 453 daAuts
     D:7: 309 daAuts
